AoeStats
← MatzeAoE

MegaRandom

505941096Analyzed
1v1 RM · 21d ago on Sep 11, 2026· 56m 10s· 2 players
Game mode
Random Map
Map size
Tiny (2 player)
Population
200
Speed
Normal
Resources
Standard
Victory
Conquest
Starting age
Dark Age
Ending age
Imperial Age
RankedLock teamsTeams togetherTeam positionsShared explorationLock speedFull tech treeHidden civsTurbo modeCheats
Victory
Defeat
🇩🇪 Bengalis · Germany
2105
+19
🇲🇽 Britons · Mexico
2160
-19
MatzeAoE
8:45 Loom
10:51 Feudal Age
11:36 Double-Bit Axe
17:59 Horse Collar
22:30 Castle Age
24:02 Bow Saw
24:30 Wheelbarrow
24:50 Heavy Plow
28:05 Hand Cart
28:05 Town Watch
29:17 Fletching
29:27 Padded Archer Armor
30:10 Bodkin Arrow
30:54 Leather Archer Armor
30:01 Elite Skirmisher
34:24 Imperial Age
32:29 Stone Mining
33:34 Ballistics
36:24 Chemistry
35:34 Bracer
36:04 Ring Archer Armor
37:52 Medium Warships
38:17 Scale Barding Armor
38:23 Forging
38:14 Scale Mail Armor
39:11 Heavy Warships
39:18 Chain Barding Armor
40:06 Conscription
39:52 Light Cavalry
40:44 Bloodlines
40:34 Husbandry
41:36 Plate Barding Armor
41:37 Iron Casting
42:34 Mahayana
42:39 Conscription
44:34 Town Patrol
44:48 Siege Engineers
46:02 Blast Furnace
47:56 Two-Man Saw
47:26 Crop Rotation
hK | ChossMx
9:50 Feudal Age
10:28 Double-Bit Axe
11:03 Loom
18:52 Castle Age
17:58 Stone Mining
18:00 Gold Mining
19:45 Medium Warships
19:51 Forging
23:29 Horse Collar
25:13 Fletching
25:50 Bow Saw
27:04 Bodkin Arrow
27:07 Town Watch
29:42 Wheelbarrow
29:50 Ballistics
30:09 Sanctity
34:01 Imperial Age
32:49 Gold Shaft Mining
32:04 Stone Mining
32:18 Heavy Plow
34:10 Medium Warships
34:21 Clinker Construction
34:22 Careening
34:44 Bracer
36:05 Chemistry
36:48 Heavy Warships
36:16 Treadmill Crane
36:52 Guilds
38:40 Warwolf
39:01 Conscription
40:40 Iron Casting
42:09 Padded Archer Armor
41:56 Capped Ram
42:42 Elite Longbowman
44:52 Masonry
44:47 Siege Engineers
45:35 Scale Barding Armor
45:32 Light Cavalry
46:13 Husbandry
47:14 Blast Furnace
47:23 Chain Barding Armor
48:15 Architecture
49:52 Plate Barding Armor
49:44 Cavalier
51:29 Hand Cart
54:59 Scale Mail Armor
Connection lost

Rejoining the realm…

Still unreachable

The connection could not be restored.

Session expired

The server has moved on; the page needs a fresh start.